 Dungeon Crawl Stone Soup version 0.29-a0-1027-gcd8c55af63 (webtiles) character file.

Game seed: 6286691395668162393

1428 Pelinal the Frost Mage (level 8, 0/51 (54) HPs)
             Began as a Merfolk Ice Elementalist on Aug 12, 2022.
             Slain by a wight
             ... wielding a +4 long sword of freezing
              (5 damage)
             ... on level 6 of the Dungeon.
             The game lasted 00:15:53 (6677 turns).

Pelinal the Frost Mage (Merfolk Ice Elementalist)   Turns: 6677, Time: 00:15:54

HP:   0/51 (54)     AC: 16    Str:  9    XL:     8   Next: 72%
MP:   12/12         EV: 28    Int: 16    God:
Gold: 287           SH:  0    Dex: 20    Spells: 6/13 levels left

rFire   . . .      SeeInvis .   B - +4 quarterstaff (chaos)
rCold   . . .      Faith    .   (shield currently unavailable)
rNeg    . . .      Spirit   .   o - +3 leather armour
rPois   .          Reflect  .   (no helmet)
rElec   .          Harm     .   A - +0 cloak {Will+}
rCorr   .          Rampage  .   (no gloves)
Will    +....                   (no boots)
Stlth   +.........              g - amulet of the acrobat
HPRegen 0.17/turn               e - +4 ring of protection
MPRegen 0.13/turn               r - +6 ring of dexterity

@: confused, ice-armoured, ambrosia-drunk, acrobatic, freezing walls, drained
A: (nimble swimmer 2), mertail
a: no special abilities


You were on level 6 of the Dungeon.
You visited 2 branches of the dungeon, and saw 7 of its levels.

You collected 287 gold pieces.

Inventory:

Hand Weapons
 v - a +2 vampiric dagger
 B - a +4 quarterstaff of chaos (weapon)
 K - a +0 halberd
 N - a +0 trident
Missiles
 J - 5 poisoned darts (quivered)
Armour
 a - a +0 robe
 o - a +3 leather armour (worn)
 u - an orb of mayhem
 A - a +0 cloak of willpower (worn)
Magical Staves
 G - a staff of cold
Jewellery
 d - an amulet of reflection
 e - a +4 ring of protection (left hand)
 f - an amulet of magic regeneration
 g - an amulet of the acrobat (around neck)
 r - a +6 ring of dexterity (right hand)
 t - a ring of resist corrosion
 x - a ring of magical power
 H - a ring of protection from cold
 M - a ring of see invisible
Wands
 m - a wand of iceblast (26)
Scrolls
 b - a scroll of identify
 c - 4 scrolls of vulnerability
 h - a scroll of magic mapping {unknown}
 l - a scroll of teleportation {unknown}
 p - a scroll of noise {unknown}
 y - a scroll of enchant weapon {unknown}
 E - a scroll of poison {unknown}
 I - a scroll of torment
 L - a scroll of silence {unknown}
Potions
 i - a potion of curing
 k - 3 potions of mutation
 n - 2 potions of brilliance
 s - a potion of heal wounds {unknown}
 w - a potion of attraction
 z - a potion of cancellation {unknown}
 D - a potion of ambrosia
 F - a potion of degeneration {unknown}


   Skills:
 - Level 1.5 Fighting
 - Level 2.1 Polearms
 + Level 5.0 Throwing
 - Level 3.5 Dodging
 - Level 2.7 Stealth
 - Level 3.0 Spellcasting
 - Level 8.0 Ice Magic
 - Level 5.0 Evocations


You had 6 spell levels left.
You knew the following spells:

 Your Spells              Type           Power      Damage    Failure   Level
a - Freeze                Ice            100%       1d11      1%          1
b - Frozen Ramparts       Ice            56%        1d9       3%          3
c - Ozocubu's Armour      Ice            28%        N/A       3%          3

Your spell library contained the following spells:

 Spells                   Type           Power      Damage    Failure   Level
 Apportation              Tloc           4%         N/A       26%         1
 Magic Dart               Conj           8%         1d3       26%         1
 Necrotise                Necr           8%         1d4       26%         1
 Sandblast                Erth           4%         2d4       26%         1
 Summon Small Mammal      Summ           8%         N/A       26%         1
 Call Imp                 Summ           2%         N/A       36%         2
 Passwall                 Tmut/Erth      1%         N/A       36%         2
 Hailstorm                Conj/Ice       15%        3d5       45%         4
 Call Canine Familiar     Summ           2%         N/A       61%         3
 Mephitic Cloud           Conj/Pois/Air  2%         N/A       61%         3
 Stone Arrow              Conj/Erth      4%         3d7       61%         3
 Summon Guardian Golem    Hex/Summ       2%         N/A       61%         3
 Metabolic Englaciation   Hex/Ice        7%         N/A       80%         5
 Animate Armour           Summ/Erth      4%         N/A       95%         4
 Petrify                  Tmut/Erth      2%         N/A       95%         4
 Blade Hands              Tmut           1%         N/A       100%        5
 Iron Shot                Conj/Erth      1%         9d1       100%        6
 Simulacrum               Ice/Necr       7%         N/A       100%        6
 Statue Form              Tmut/Erth      1%         N/A       100%        6


Dungeon Overview and Level Annotations

Branches:
Dungeon (6/15)             Temple (1/1) D:6

Altars:
Dithmenos
Elyvilon
Fedhas
Gozag
Hepliaklqana
Kikubaaqudgha
Nemelex Xobeh
Ru
Sif Muna
Trog
Uskayaw
Vehumet
Wu Jian
Xom
Yredelemnul
Zin
The Shining One


Innate Abilities, Weirdness & Mutations

((You are very nimble when in or above water. (Stealth+, EV+, Speed+++)))
Your lower body shifts to a powerful aquatic tail in water.


Message History

The wight closely misses you.
Okay, then.
You feel better.
The wight resists.
The wall freezes the wight.
The wight barely misses you.
As you read the scroll labelled XEIDERCH ELEU, it crumbles to dust.
Your body is wracked with pain!
It was a scroll of torment.
The wight resists.
The wall freezes the wight.
The wight hits you with a +4 long sword of freezing.
The wight freezes you.
The wight completely resists.
The wall freezes the wight but does no damage.
The wight closely misses you.
Unknown command.
Unknown command.
You feel better.
The wight completely resists.
The wall freezes the wight but does no damage.
The wight hits you but does no damage.
You are confused.
You feel invigorated.
The wight completely resists.
The wall freezes the wight but does no damage.
The wight hits you with a +4 long sword of freezing!
You feel drained. The wight freezes you.
The wight completely resists.
The wall freezes the wight but does no damage.
The wight completely misses you.
You're too confused to attack without stumbling around!
You're too confused to attack without stumbling around!
You're too confused to attack without stumbling around!
Your icy armour and frozen ramparts will break if you move.
Continue? [Y]es or [N]o only, please.
Your icy armour and frozen ramparts will break if you move.
Continue? [Y]es or [N]o only, please.
Your icy armour and frozen ramparts will break if you move.
Continue?
Okay, then.
The wight completely resists.
The wall freezes the wight but does no damage.
The wight hits you with a +4 long sword of freezing!
* * * LOW HITPOINT WARNING * * *
You feel drained.
* * * LOW HITPOINT WARNING * * *
The wight freezes you.
You die...

.#..#...g..<#
.#.###.....##
.#.# ##...#
...# ##'# ####
#.# # #.# #
####.#########
#
#.........)..#
#
#......#####@#
## #.#...##
#z#
.###...#.##
#.# .......#.#
.[. .###...#.#
#.# ..## ##.#
### #.#### #.#
#....# #.#
#..#.###.#


You could see a wight (fast).

Vanquished Creatures
  3 black bears
  2 ogres
  A phantom (D:5)
  A kobold brigand (D:6)
  Blork the orc (D:5)
  3 wights (D:6)
  2 orc priests
  Crazy Yiuf (D:4)
  4 hounds
  3 iguanas
  3 orc wizards
  11 gnolls
  6 adders
  A shadow imp (D:6)
  2 white imps
  An ufetubus (D:5)
  A dart slug (D:1)
  14 orcs
  5 ball pythons
  5 endoplasms
  3 giant cockroaches
  16 goblins
  5 hobgoblins
  2 jackals (D:1)
  10 kobolds
  2 quokkas
  6 bats
  3 frilled lizards
117 creatures vanquished.

Notes
Turn   | Place    | Note
-------+----------+-------------------------------------------
     0 | D:1      | Pelinal the Merfolk Ice Elementalist began the quest for
                  | the Orb.
     0 | D:1      | Reached XP level 1. HP: 13/13 MP: 3/3
   200 | D:1      | Found a faded altar of an unknown god.
   260 | D:1      | Reached XP level 2. HP: 6/19 MP: 1/5
   335 | D:1      | Reached skill level 5 in Ice Magic
  1023 | D:1      | Reached XP level 3. HP: 24/24 MP: 4/6
  1056 | D:1      | Learned a level 3 spell: Frozen Ramparts
  2314 | D:3      | Reached skill level 6 in Ice Magic
  2536 | D:3      | Reached XP level 4. HP: 30/30 MP: 7/7
  2549 | D:3      | Learned a level 3 spell: Ozocubu's Armour
  2727 | D:3      | Reached XP level 5. HP: 20/35 MP: 2/9
  3009 | D:3      | Noticed an ogre
  3045 | D:3      | Killed an ogre
  3046 | D:3      | Reached skill level 7 in Ice Magic
  3046 | D:3      | Reached skill level 1 in Evocations
  3046 | D:3      | Reached XP level 6. HP: 39/41 MP: 6/10
  3388 | D:4      | You fall into a shaft and drop 1 floor!
  3388 | D:5      | Entered Level 5 of the Dungeon
  3958 | D:4      | Found a shadowy altar of Dithmenos.
  4082 | D:4      | Found a runed translucent door.
  4083 | D:4      | Noticed Crazy Yiuf
  4109 | D:4      | Killed Crazy Yiuf
  4110 | D:4      | Reached XP level 7. HP: 35/46 MP: 1/11
  4549 | D:5      | Noticed Blork the orc
  4608 | D:5      | Reached skill level 8 in Ice Magic
  4877 | D:5      | Found a hide-covered altar of Uskayaw.
  5236 | D:5      | Reached skill level 5 in Evocations
  5236 | D:5      | Reached skill level 1 in Polearms
  5396 | D:5      | Killed Blork the orc
  5397 | D:5      | Reached skill level 1 in Fighting
  5397 | D:5      | Reached XP level 8. HP: 54/54 MP: 12/12
  5415 | D:6      | Found a shimmering blue altar of Sif Muna.
  5847 | D:6      | Found a staircase to the Ecumenical Temple.
  6111 | Temple   | Entered the Ecumenical Temple
  6660 | D:6      | Reached skill level 5 in Throwing
  6677 | D:6      | Slain by a wight

Illustrated notes

Levels and vault maps discovered:
D:1:      dpeg_arrival_rhombus, layout_rooms,
          hellmonk_ecumenical_altar_inner_sanctum
D:2:      layout_basic
D:3:      layout_loops_corners, minmay_misc_feat_more_columns,
          minmay_ogre_servants
D:4:      layout_loops_cross, mainiacjoe_overflow_boulevard,
          uniq_crazy_yiuf_cottage
D:5:      layout_loops_ring, lemuel_tele_altar, uniq_blork_the_orc
D:6:      layout_loops_corners, mainiacjoe_overflow_concentric_impassable,
          minmay_temple_entry_slanted
Temple:   dpeg_chambers_temple

Skill      XL: |  1  2  3  4  5  6  7  8 |
---------------+-------------------------+-----
Ice Magic      | 5 6 7 8 |  8.0
Spellcasting   | 3 |  3.0
Evocations     | 1 3 5 |  5.0
Polearms       | 1 2 |  2.1
Fighting       | 1 |  1.5
Dodging        | 3 |  3.5
Throwing       | 5 |  5.0
Stealth        | |  2.7

Action                   |  1- 3 |  4- 6 |  7- 9 || total
-------------------------+-------+-------+-------++-------
Melee: Whip              |    12 |       |       ||    12
       Unarmed           |     1 |       |       ||     1
       Dagger            |    16 |       |       ||    16
       Quarterstaff      |    11 |    46 |    73 ||   130
       Punch             |     1 |       |       ||     1
 Cast: Freeze            |    37 |    15 |    12 ||    64
       Frozen Ramparts   |       |     6 |    15 ||    21
       Ozocubu's Armour  |       |     4 |    13 ||    17
Evoke: Wand              |       |     3 |     5 ||     8
  Use: Potion            |     2 |     1 |     3 ||     6
       Scroll            |     3 |     1 |     2 ||     6
 Stab: Sleeping          |     5 |     2 |     4 ||    11
Armor: Robe              |    11 |       |       ||    11
       Leather armour    |     5 |    19 |    61 ||    85
Dodge: Dodged            |    69 |    51 |   108 ||   228

Table legend: (Time is in decaauts)
 A = Elapsed time spent in this place.
 B = Non-inter-level travel time spent in this place.
 C = Inter-level travel time spent in this place.
 D = Time resting spent in this place.
 E = Time spent auto-exploring this place.
 F = Levels seen in this place.
 G = Mean time per level.
                   A        B        C        D        E       F      G
               +--------+--------+--------+--------+--------+-----+--------+
         Total |   6700 |   6380 |    320 |   1248 |   3870 |   7 |  957.1 |
       Dungeon |   6394 |   6117 |    277 |   1248 |   3638 |   6 | 1065.7 |
        Temple |    306 |    263 |     43 |      0 |    232 |   1 |  306.0 |
               +--------+--------+--------+--------+--------+-----+--------+

Top non-repeatable levels by time:
     D:3: 1291 daAuts
     D:1: 1116 daAuts
     D:4: 1077 daAuts
     D:5: 996 daAuts
     D:2: 962 daAuts
     D:6: 949 daAuts
  Temple: 306 daAuts
